 Dungeon Crawl Stone Soup version 0.28.0-43-g3370ac3207 (webtiles) character file.

Game seed: 13602548976556581455

56 croobank the Firebug (level 4, -3/30 HPs)
             Began as a Human Fire Elementalist on Mar 23, 2022.
             Slain by a white imp (4 damage)
             ... summoned by Natasha
             ... on level 2 of the Dungeon.
             The game lasted 00:05:19 (2134 turns).

croobank the Firebug (Human Fire Elementalist)      Turns: 2134, Time: 00:05:23

Health: -3/30      AC:  2    Str:  8    XL:     4   Next: 15%
Magic:  0/7        EV: 12    Int: 17    God:
Gold:   92         SH:  5    Dex: 14    Spells: 0/7 levels left

rFire   . . .      SeeInvis .   d - +0 dagger
rCold   . . .      Faith    .   (no shield)
rNeg    . . .      Spirit   .   a - +0 robe
rPois   .          Reflect  +   (no helmet)
rElec   .          Harm     .   (no cloak)
rCorr   .          Rampage  .   (no gloves)
Will    +....      Rage     1%  (no boots)
Stlth   ++........              e - amulet of reflection
HPRegen 0.10/turn               g - ring of willpower
MPRegen 0.10/turn               (no ring)

@: no status effects
A: berserk 1
a: no special abilities


You were on level 2 of the Dungeon.
You visited 1 branch of the dungeon, and saw 2 of its levels.

You collected 92 gold pieces.

Inventory:

Hand Weapons
 d - a +0 dagger (weapon)
Missiles
 b - 15 stones
Armour
 a - a +0 robe (worn)
Magical Staves
 h - a staff of earth
Jewellery
 e - an amulet of reflection (around neck)
 g - a ring of willpower (left hand)
 l - an amulet of the acrobat
Scrolls
 f - 2 scrolls of enchant armour {unknown}
 i - a scroll of fear {unknown}
 j - a scroll of holy word {unknown}
Potions
 k - a potion of heal wounds {unknown}


   Skills:
 + Level 2.5 Dodging
 + Level 2.5 Stealth
 + Level 2.4 Spellcasting
 + Level 1.7 Conjurations
 + Level 3.3 Fire Magic


You couldn't memorise any spells.
You knew the following spells:

 Your Spells              Type           Power      Damage    Failure   Level
a - Foxfire               Conj/Fire      40%        2x1d6     6%          1
b - Scorch                Fire           26%        2d6       7%          2
c - Flame Wave            Conj/Fire      10%        2d5       54%         4

Your spell library contained the following spells:

 Spells                   Type           Power      Damage    Failure   Level
 Conjure Flame            Conj/Fire      10%        6-21      19%         3
 Inner Flame              Hex/Fire       7%         N/A       28%         3


Dungeon Overview and Level Annotations

Branches:
Dungeon (2/15)

Altars:

Annotations:
D:2 Natasha


Innate Abilities, Weirdness & Mutations

You tend to lose your temper in combat.


Message History

You kill the quokka!
Casting: Scorch (safe; 7% risk of failure)
Confirm with . or Enter, or press ? or * to list all spells.
Flames lash Natasha.
Natasha is moderately wounded.
Natasha's fire resistance burns away.
The white imp hits you. The white imp freezes you.
Casting: Scorch (safe; 7% risk of failure)
Confirm with . or Enter, or press ? or * to list all spells.
Flames lash the white imp.
The white imp is burned terribly!
The white imp is moderately wounded.
The white imp's fire resistance burns away.
You block the white imp's attack.
You hit the white imp.
The white imp is heavily wounded.
The white imp barely misses you.
Casting: Scorch (safe; 7% risk of failure)
Confirm with . or Enter, or press ? or * to list all spells.
You don't have enough magic to cast this spell.
You hit the white imp but do no damage.
The white imp is heavily wounded.
Natasha is no longer more vulnerable to fire.
The white imp hits you but does no damage.
You hit the white imp but do no damage.
The white imp is heavily wounded.
The white imp is no longer more vulnerable to fire.
The white imp gestures at you. The puff of frost hits you!
You hit the white imp but do no damage.
The white imp is heavily wounded.
The white imp gestures at you. The puff of frost hits you!
* * * LOW HITPOINT WARNING * * *
It was a potion of mutation.
You feel extremely strange.
You feel a little pissed off.
Natasha mumbles some strange words.
The white imp hits you.
* * * LOW HITPOINT WARNING * * *
The white imp freezes you.
You die...

.#####.#.......#.#.....)....#####
.'.....#.)####.#.#.............[.
.########†# #.#.#..........#####
.# #.# #.....########## .# #..
###.### .# ##.# #.# .# .# #†# .#
.. #.# .# #. #@# .# #5# .# #h# .#
#5# ## #5# #.# #.......#
..####### ....


You could see Natasha, a crimson imp (summoned), a white imp (summoned) and a
shadow imp (summoned).

Vanquished Creatures
  2 adders (D:2)
  2 dart slugs
  An orc (D:2)
  4 ball pythons
  2 endoplasms (D:1)
  A giant cockroach (D:2)
  3 goblins
  4 hobgoblins
  2 quokkas (D:2)
  A bat (D:1)
  A frilled lizard (D:1)
  3 kobolds
  6 rats
32 creatures vanquished.

Vanquished Creatures (others)
  66 foxfires
  5 toadstools (D:1)
71 creatures vanquished.

Grand Total: 103 creatures vanquished

Notes
Turn   | Place    | Note
-------+----------+-------------------------------------------
     0 | D:1      | croobank the Human Fire Elementalist began the quest for
                  | the Orb.
     0 | D:1      | Reached XP level 1. HP: 13/13 MP: 3/3
   176 | D:1      | You fall into a shaft and drop 1 floor!
   357 | D:2      | Reached XP level 2. HP: 19/19 MP: 0/5
   392 | D:2      | Reached XP level 3. HP: 24/24 MP: 0/6
   923 | D:1      | Found a faded altar of an unknown god.
   939 | D:1      | Learned a level 2 spell: Scorch
  1834 | D:2      | Reached XP level 4. HP: 30/30 MP: 4/7
  2009 | D:2      | Learned a level 4 spell: Flame Wave
  2063 | D:2      | Noticed Natasha
  2134 | D:2      | Gained mutation: You tend to lose your temper in combat.
                  | [potion of mutation]
  2134 | D:2      | HP: 1/30 [white imp[Natasha] (2)]
  2134 | D:2      | Slain by a white imp

Illustrated notes

Levels and vault maps discovered:
D:1:      ldierk_walled_garden, layout_loops_ring,
          hellmonk_ecumenical_altar_zigzags, chequers_serial_rivers_room_a,
          st_stairs_9
D:2:      layout_basic, uniq_natasha

Action                   |  1- 3 |  4- 6 || total
-------------------------+-------+-------++-------
Melee: Unarmed           |     8 |       ||     8
       Dagger            |    16 |    20 ||    36
 Cast: Foxfire           |    35 |     5 ||    40
       Scorch            |     6 |     5 ||    11
  Use: Potion            |       |     1 ||     1
Armor: Robe              |     7 |     3 ||    10
Dodge: Dodged            |    16 |    13 ||    29
Block: Other             |     2 |     4 ||     6
